 Dungeon Crawl Stone Soup version 0.20.1-1-g8b1a95d (webtiles) character file.

39 FollowTheCloud the Firebug (level 3, -17/19 HPs)
             Began as a Deep Elf Fire Elementalist on Aug 25, 2017.
             Demolished by an ogre
             ... wielding a +0 giant spiked club
              (25 damage)
             ... on level 3 of the Dungeon.
             The game lasted 00:05:36 (1256 turns).

FollowTheCloud the Firebug (DEFE)                   Turns: 1256, Time: 00:05:36

Health: -17/19     AC:  2    Str:  5    XL:     3   Next: 26%
Magic:  4/10       EV: 13    Int: 20    God:
Gold:   52         SH:  0    Dex: 15    Spells: 6/9 levels left

rFire    . . .     SeeInvis .   (no weapon)
rCold    . . .     Gourm    .   (no shield)
rNeg     . . .     Faith    .   a - +0 robe
rPois    .         Spirit   .   (no helmet)
rElec    .         Reflect  .   (no cloak)
rCorr    .         Harm     .   (no gloves)
MR       .....                  (no boots)
Stlth    ++........             (no amulet)
Regen    0.1/turn               (no ring)
MPRegen  0.2/turn               (no ring)

@: no status effects
A: no striking features
a: no special abilities


You were on level 3 of the Dungeon.
You were hungry.

You visited 1 branch of the dungeon, and saw 3 of its levels.

You collected 52 gold pieces.

Inventory:

Armour
 a - a +0 robe (worn)
Scrolls
 g - 2 scrolls of enchant armour {unknown}
 h - a scroll of immolation {unknown}
 j - 3 scrolls of identify {unknown}
Potions
 e - 2 potions of might {unknown}
 f - a potion of ambrosia {unknown}
 i - a potion of haste {unknown}
 k - 3 potions of mutation {unknown}
 l - a potion of cancellation {unknown}
 m - a potion of curing {unknown}
Books
 b - a book of Flames

   Spells                             Type                      Level
   a - Flame Tongue                   Conjuration/Fire             1
   b - Throw Flame                    Conjuration/Fire             2
   c - Conjure Flame                  Conjuration/Fire             3
   d - Inner Flame                    Hexes/Fire                   3
   e - Sticky Flame                   Conjuration/Fire             4
   f - Fireball                       Conjuration/Fire             5
Comestibles
 c - 3 bread rations
 d - a meat ration


   Skills:
 + Level 2.4 Dodging
 + Level 2.5 Stealth
 + Level 3.8 Spellcasting
 + Level 1.4 Conjurations
 + Level 4.1 Fire Magic


You had 6 spell levels left.
You knew the following spells:

 Your Spells              Type           Power        Failure   Level  Hunger
a - Throw Flame           Conj/Fire      ###...       6%          2    ##.....
b - Flame Tongue          Conj/Fire      ###..        4%          1    None


Dungeon Overview and Level Annotations

Branches:
Dungeon (2/15)

Altars:
Yredelemnul


Message History

A quokka comes into view.
Found a scroll labeled JETUCICOPH.
The jackal bites you but does no damage.
A ball python comes into view.
The quokka bites you.
The quokka bites you but does no damage.
The jackal closely misses you.
Found a faded altar of an unknown god.
An ogre comes into view. It is wielding a giant spiked club.
The quokka bites you.
The ogre shouts!
The crimson imp blinks!
The jackal closely misses you. The ball python misses you.
The ball python grabs you. The ball python constricts you.
You escape the ball python's grasp.
The quokka misses you. The jackal misses you. The ball python bites you.
The ball python closely misses you.
The ogre hits you with a giant spiked club!!
Ouch! That really hurt!
You die...

#..# #..# ###§h#
#######....#
#......h#....#
#......g########
#.....5hr.......
#......hO.8..#
#......S@8_8.#
#.........8..#
#............#
#######.....##
#######


You could see an ogre, a crimson imp, a quokka, 3 jackals, a hobgoblin and a
ball python.

Vanquished Creatures
  A dart slug (D:1)
  A leopard gecko (D:2)
  A ball python (D:1)
  6 bats (D:1)
  A giant cockroach (D:1)
  4 goblins (D:1)
  6 hobgoblins
  2 jackals (D:2)
  3 frilled lizards
  3 kobolds
  5 rats
33 creatures vanquished.

Notes
Turn   | Place    | Note
-------+----------+-------------------------------------------
     0 | D:1      | FollowTheCloud the Deep Elf Fire Elementalist began the quest for the Orb.
     0 | D:1      | Reached XP level 1. HP: 10/10 MP: 6/6
    75 | D:1      | Reached XP level 2. HP: 15/15 MP: 1/8
   263 | D:1      | Reached skill level 4 in Fire Magic
   284 | D:1      | Learned a level 2 spell: Throw Flame
   899 | D:2      | Reached XP level 3. HP: 19/19 MP: 7/10
  1070 | D:2      | Found a basalt altar of Yredelemnul.
  1234 | D:2      | You fall through a shaft!
  1252 | D:3      | Found a faded altar of an unknown god.
  1253 | D:3      | Noticed an ogre
  1256 | D:3      | Demolished by an ogre

Skill      XL: |  1  2 |
---------------+-------+-----
Fire Magic     | 4 |  4.1
Dodging        | |  2.4
Stealth        | |  2.5
Spellcasting   | |  3.8
Conjurations   | |  1.4

Action                   || total
-------------------------++-------
Melee: Unarmed           ||    11
 Cast: Flame Tongue      ||    41
       Throw Flame       ||    22
  Eat: Chunk             ||     1
Armor: Robe              ||     9
Dodge: Dodged            ||    31
